 Dungeon Sprint DCSS version 0.22.1-2-g9c5b331 (webtiles) character file.

516 diana the Fighter (level 7, -2/92 HPs)
             Began as an Ogre Hunter on Dec 16, 2018.
             Was an Elder of Trog.
             Slain by a wight
             ... wielding a cursed +4 hand axe
              (9 damage)
             ... in the Dungeon (Sprint VII: "The Pits").
             The game lasted 00:02:02 (276 turns).

diana the Fighter (Ogre Hunter)                      Turns: 276, Time: 00:02:03

Health: -2/92      AC:  3    Str: 19    XL:     7   Next: 20%
Magic:  7/7        EV:  9    Int: 12    God:    Trog [****..]
Gold:   0          SH:  0    Dex:  9    Spells: 6/6 levels left

rFire    . . .     SeeInvis .   q - +1 mace (crush)
rCold    . . .     Gourm    .   (no shield)
rNeg     . . .     Faith    .   b - +0 robe
rPois    .         Spirit   .   (helmet restricted)
rElec    .         Reflect  .   (no cloak)
rCorr    .         Harm     .   (gloves unavailable)
MR       .....     NoTele   +   (boots unavailable)
Stlth    +.........             (no amulet)
HPRegen  0.25/turn              (no ring)
MPRegen  0.10/turn              (no ring)

@: berserk cooldown, slowed, heavily drained, very slow
A: large, unfitting armour, tough skin 1
a: Berserk, Trog's Hand, Brothers in Arms, Renounce Religion


You were in the Dungeon.
You worshipped Trog.
Trog was greatly pleased with you.
You were not hungry.

You visited 1 branch

Inventory:

Hand Weapons
 a - a +0 short sword
 l - a +2 mace
 q - a +1 mace of crushing (weapon)
Missiles
 c - 2 large rocks (quivered)
 d - 2 throwing nets
Armour
 b - a +0 robe (worn)
Scrolls
 k - a scroll of blinking
 n - 3 scrolls of remove curse
 o - 5 scrolls of amnesia
 p - a scroll of summoning
Potions
 e - 6 potions of curing
 g - 5 potions of heal wounds
 h - a potion of haste
 i - 4 potions of magic
 j - 3 potions of berserk rage
 m - 2 potions of invisibility
Comestibles
 f - 9 rations


   Skills:
 * Level 12.5(10.6) Fighting
 * Level 8.4(6.7) Maces & Flails
 + Level 7.9(6.2) Throwing
 - Level 1.7(0.3) Dodging
 - Level 0.6(0.0) Stealth


You had 6 spell levels left.
You didn't know any spells.
Your spell library was empty.

Dungeon Overview and Level Annotations

Branches:
Dungeon (1/1)

Altars:
Cheibriados
Dithmenos
Elyvilon
Fedhas
Gozag
Hepliaklqana
Makhleb
Nemelex Xobeh
Okawaru
Qazlal
Ru
Sif Muna
Trog
Vehumet
Wu Jian
Xom
Yredelemnul
Zin
The Shining One
Beogh
Jiyva
Lugonu


Innate Abilities, Weirdness & Mutations

You are too large for most types of armour.
You have tough skin. (AC +1)


Message History

* * * LOW HITPOINT WARNING * * *
Okay, then.
You feel much better.
The wight hits you from afar with an enchanted spear!
You feel drained. The wight barely misses you.
You hit the wight but do no damage.
The wight hits you from afar with an enchanted spear!
* * * LOW HITPOINT WARNING * * *
The wight hits you with an enchanted hand axe!
* * * LOW HITPOINT WARNING * * *
You feel drained. The wight barely misses you.
Unknown command.
You hit the wight.
The wight is heavily damaged.
The wight hits you with an enchanted hand axe.
* * * LOW HITPOINT WARNING * * *
The wight hits you from afar with an enchanted spear!
* * * LOW HITPOINT WARNING * * *
The wight hits you with an enchanted hand axe!
You die...

#.#..#.....##.....
#.#))#####'#####'#
#.#.)#.....##.....
#.#))#.....##.....
#.#[[###†####.....
#.##'#.)...##...<.
#.#........##.....
#.#........##.....
#@###########.....
#)zz....# ######
#.(###..# #(..
##.## .. .# ..


You could see 2 wights.

Vanquished Creatures
  Sigmund (D)
  A water moccasin (D)
  A floating eye (D)
  3 wights (D)
  A river rat (D)
  2 ufetubi (D)
  An ooze (D)
  A goblin (D)
  A hobgoblin (D)
  2 jackals (D)
  A quokka (D)
  2 rats (D)
17 creatures vanquished.

Notes
Turn   | Place    | Note
-------+----------+-------------------------------------------
     0 | D        | diana the Ogre Hunter began the quest for the Orb.
     0 | D        | Reached XP level 1. HP: 22/22 MP: 1/1
    13 | D        | Reached skill level 4 in Fighting
    41 | D        | Found a glowing golden altar of the Shining One.
    41 | D        | Found a glowing silver altar of Zin.
    41 | D        | Found a basalt altar of Yredelemnul.
    41 | D        | Found a shimmering altar of Xom.
    41 | D        | Found an ornate altar of the Wu Jian Council.
    41 | D        | Found a bloodstained altar of Trog.
    41 | D        | Found a deep blue altar of Sif Muna.
    41 | D        | Found a sacrificial altar of Ru.
    41 | D        | Found a stormy altar of Qazlal.
    41 | D        | Found an iron altar of Okawaru.
    41 | D        | Found a sparkling altar of Nemelex Xobeh.
    41 | D        | Found a burning altar of Makhleb.
    41 | D        | Found a viscous altar of Jiyva.
    41 | D        | Found a hazy altar of Hepliaklqana.
    41 | D        | Found an opulent altar of Gozag.
    41 | D        | Found a blossoming altar of Fedhas.
    41 | D        | Found a white marble altar of Elyvilon.
    41 | D        | Found a shadowy altar of Dithmenos.
    41 | D        | Found a snail-covered altar of Cheibriados.
    42 | D        | Found a radiant altar of Vehumet.
    42 | D        | Found a corrupted altar of Lugonu.
    42 | D        | Found a roughly hewn altar of Beogh.
    44 | D        | Became a worshipper of Trog the Wrathful
    54 | D        | Reached skill level 5 in Fighting
    54 | D        | Reached skill level 1 in Maces & Flails
    54 | D        | Reached XP level 2. HP: 27/35 MP: 2/2
   130 | D        | Reached * piety under Trog
   135 | D        | Reached skill level 6 in Fighting
   135 | D        | Reached XP level 3. HP: 37/44 MP: 3/3
   185 | D        | Noticed Sigmund
   185 | D        | Noticed a floating eye
   187 | D        | Killed a floating eye
   187 | D        | Reached skill level 8 in Fighting
   187 | D        | Reached XP level 4. HP: 58/58 MP: 4/4
   187 | D        | Reached XP level 5. HP: 66/66 MP: 5/5
   188 | D        | Killed Sigmund
   188 | D        | Reached ** piety under Trog
   188 | D        | Reached skill level 10 in Fighting
   188 | D        | Reached XP level 6. HP: 79/79 MP: 6/6
   252 | D        | Noticed a water moccasin
   258 | D        | Reached *** piety under Trog
   258 | D        | Reached skill level 11 in Fighting
   262 | D        | Killed a water moccasin
   262 | D        | Reached skill level 12 in Fighting
   265 | D        | Received a gift from Trog
   265 | D        | Reached XP level 7. HP: 80/91 MP: 7/7
   268 | D        | Reached **** piety under Trog
   276 | D        | Slain by a wight

Skill      XL: |  1  2  3  4  5  6 |
---------------+-------------------+-----
Fighting       | 5 6 8 10 12 | 12.5
Maces & Flails | 1 2 4 6 8 |  8.4
Throwing       | 6 7 |  7.9
Dodging        | |  1.7
Stealth        | |  0.6

Action                   |  1- 3 |  4- 6 |  7- 9 || total
-------------------------+-------+-------+-------++-------
Melee: Mace              |     8 |    15 |    10 ||    33
       Short sword       |     3 |       |       ||     3
Throw: Large rock        |     3 |     4 |       ||     7
Invok: Berserk           |       |     1 |       ||     1
  Use: Potion            |       |       |     1 ||     1
 Stab: Sleeping          |     1 |       |       ||     1
Armor: Robe              |     2 |     1 |       ||     3
Dodge: Dodged            |     9 |     8 |     6 ||    23
